 Dungeon Crawl Stone Soup version 0.23.1 (webtiles) character file.

Game seed: 3999781310388950130

8028 Yunesin the Martial Artist (level 11, -1/76 HPs)
             Began as an Octopode Berserker on Mar 14, 2019.
             Was a High Priest of Trog.
             Slain by a vampire mosquito (4 damage)
             ... on level 2 of the Lair of Beasts.
             The game lasted 00:34:03 (9475 turns).

Yunesin the Martial Artist (Octopode Berserker)     Turns: 9475, Time: 00:34:14

Health: -1/76      AC:  1    Str: 16    XL:     11   Next: 24%
Magic:  11/11      EV: 18    Int: 12    God:    Trog [*****.]
Gold:   664        SH: 11    Dex: 16    Spells: 10/10 levels left

rFire    . . .     SeeInvis .     - Unarmed
rCold    . . .     Gourm    +   m - +0 shield
rNeg     . . .     Faith    .   (helmet restricted)
rPois    .         Spirit   .   u - amulet of the gourmand
rElec    .         Reflect  .   e - ring of resist corrosion
rCorr    +         Harm     .   j - +3 ring of intelligence
MR       +....                  v - ring of protection from magic
Stlth    ++........             (no ring)
HPRegen  0.22/turn              (no ring)
MPRegen  0.12/turn              (no ring)
                                (no ring)
                                (no ring)

@: berserk cooldown, slowed, very slow
A: almost no armour, stealthy swim, amphibious, 8 rings, constrict 8, camouflage
1, gelatinous body 1
a: Berserk, Trog's Hand, Brothers in Arms, Renounce Religion


You were on level 2 of the Lair of Beasts.
You worshipped Trog.
Trog was extremely pleased with you.
You were full.

You visited 2 branches of the dungeon, and saw 11 of its levels.

You collected 664 gold pieces.

Inventory:

Armour
 m - a +0 shield (worn)
Jewellery
 e - a ring of resist corrosion (left tentacle)
 j - a +3 ring of intelligence (right tentacle)
 k - an uncursed amulet of regeneration
 u - an amulet of the gourmand (around mantle)
 v - a ring of protection from magic (on tentacle)
Scrolls
 b - 2 scrolls of enchant weapon {unknown}
 c - 3 scrolls of identify
 h - 7 scrolls of remove curse {unknown}
 i - a scroll of fog {unknown}
 q - a scroll of enchant armour {unknown}
 s - 3 scrolls of teleportation {unknown}
 x - 3 scrolls of immolation {unknown}
 y - a scroll of amnesia {unknown}
 z - 2 scrolls of noise {unknown}
 A - a scroll of summoning {unknown}
 B - a scroll of fear {unknown}
Potions
 d - 2 potions of heal wounds
 f - 4 potions of curing
 g - 2 potions of haste {unknown}
 l - a potion of mutation {unknown}
 n - 2 potions of brilliance
 o - a potion of resistance {unknown}
 p - 2 potions of berserk rage {unknown}
 r - 4 potions of lignification
 t - 2 potions of flight
 w - 2 potions of agility {unknown}
Comestibles
 a - 23 rations


   Skills:
 + Level 7.7 Fighting
 + Level 8.2 Dodging
 * Level 9.3 Shields
 * Level 10.4 Unarmed Combat


You had 10 spell levels left.
You didn't know any spells.
Your spell library was empty.

Dungeon Overview and Level Annotations

Branches:
Dungeon (9/15)             Temple (0/1) D:4            Lair (2/6) D:9
  Swamp: Lair:2-4    Shoals: Lair:2-4     Snake: Lair:2-4    Spider: Lair:2-4
    Orc: D:9-12

Altars:
Cheibriados
Dithmenos
Elyvilon
Fedhas
Gozag
Kikubaaqudgha
Makhleb
Okawaru
Trog
Vehumet
Wu Jian
Xom
Zin
The Shining One

Annotations:
D:6 1 runed translucent door


Innate Abilities, Weirdness & Mutations

You cannot wear most types of armour.
You are very stealthy in the water. (Stealth+)
You are amphibious.
You can wear up to eight rings at the same time.
You can use your tentacles to constrict eight enemies at once.
Your skin changes colour to match your surroundings (Stealth+).
Your rubbery body absorbs attacks. (AC +1, EV +1)


Message History

You are no longer berserk.
You are exhausted.
You feel yourself slow down.
* * * LOW HITPOINT WARNING * * *
You feel sick.
You feel better. The vampire mosquito misses you. x2
Your ogre goes berserk!
You feel quite a bit less full.
You block the vampire mosquito's attack.
The vampire mosquito closely misses you.
You block the vampire mosquito's attack.
The vampire mosquito completely misses you. x2
The vampire mosquito bites you.
* * * LOW HITPOINT WARNING * * *
The vampire mosquito draws strength from your injuries!
The vampire mosquito bites you!
* * * LOW HITPOINT WARNING * * *
The vampire mosquito draws strength from your injuries!
The vampire mosquito bites you.
You die...

#................
.#.....#..P..#......
#.....####.##.....#
.#..........##.....# .
.........^..##.....# ..
(......##..........##...
.P.....##...##....O...
.#.....#.#......)..#
.......P..#....y@..##
...............yyy..#.#.
...............y........
........................
.....................
≈♣♣♣................
♣.......?...>..[$
♣♣♣.P#.....##.###
♣..##.....# ##


You could see 5 vampire mosquitoes and a friendly ogre (berserk).

Vanquished Creatures
  The ghost of Irenicus the Geomancer, a novice DDEE of Makhleb (D:8)
  The ghost of HEYYEYAAE the Quickloader, a novice OpHu of Okawaru (D:9)
  5 black mambas
  A komodo dragon (Lair:1)
  A polar bear (Lair:1)
  3 blink frogs (Lair:1)
  Prince Ribbit (Lair:1)
  A porcupine (Lair:1)
  8 water moccasins
  A sky beast (D:6)
  A black bear (Lair:1)
  An orc warrior (D:9)
  An ice beast (D:9)
  3 phantoms
  2 ogres
  2 crocodiles
  A big kobold (D:7)
  6 bullfrogs
  5 scorpions
  A water moccasin skeleton (D:8)
  A vampire bat (D:9)
  An electric eel (Lair:1)
  4 crimson imps
  A jelly (D:7)
  A centaur skeleton (D:8)
  4 hounds
  3 orc priests
  8 orc wizards
  Crazy Yiuf (D:2)
  Jessica (D:2)
  2 iguanas
  5 worker ants
  A killer bee zombie (D:6)
  2 hound zombies
  A hound skeleton (D:5)
  2 worker ant zombies
  Robin (D:2)
  12 gnolls
  11 adders
  2 oozes
  3 adder skeletons
  2 adder zombies
  3 worms
  2 dart slugs
  4 leopard geckos
  31 orcs
  2 bat skeletons (D:9)
  3 bat zombies (D:9)
  9 giant cockroaches
  14 goblins
  9 hobgoblins
  18 jackals
  2 quokkas
  A ball python (D:1)
  8 bats
  9 frilled lizards
  A jackal zombie (D:5)
  12 kobolds
  A leopard gecko zombie (D:8)
  9 rats
253 creatures vanquished.

Notes
Turn   | Place    | Note
-------+----------+-------------------------------------------
     0 | D:1      | Yunesin the Octopode Berserker began the quest for the Orb.
     0 | D:1      | Reached XP level 1. HP: 16/16 MP: 1/1
   247 | D:1      | Reached XP level 2. HP: 21/21 MP: 2/2
   460 | D:1      | Reached XP level 3. HP: 25/26 MP: 3/3
   471 | D:1      | Reached ** piety under Trog
   818 | D:2      | Found a runed translucent door.
   819 | D:2      | Noticed Crazy Yiuf
   888 | D:2      | Found a blossoming altar of Fedhas.
   924 | D:2      | Reached XP level 4. HP: 29/31 MP: 4/4
   937 | D:2      | Noticed Robin
   944 | D:2      | Killed Robin
  1231 | D:2      | Reached skill level 4 in Unarmed Combat
  1421 | D:2      | Reached XP level 5. HP: 25/36 MP: 5/5
  1504 | D:2      | Found a shimmering altar of Xom.
  1506 | D:2      | Noticed Jessica
  1511 | D:2      | Killed Jessica
  1662 | D:2      | Killed Crazy Yiuf
  2131 | D:3      | Reached *** piety under Trog
  2435 | D:3      | You fall through a shaft!
  2631 | D:4      | Reached XP level 6. HP: 34/43 MP: 6/6
  2683 | D:3      | Found a white marble altar of Elyvilon.
  2690 | D:3      | Found a snail-covered altar of Cheibriados.
  3153 | D:3      | Reached skill level 1 in Shields
  3264 | D:4      | Found a bloodstained altar of Trog.
  3496 | D:4      | Found a staircase to the Ecumenical Temple.
  3525 | D:4      | Reached skill level 5 in Unarmed Combat
  3608 | D:4      | Reached skill level 5 in Dodging
  3799 | D:5      | Entered Level 5 of the Dungeon
  3850 | D:5      | Reached XP level 7. HP: 48/48 MP: 7/7
  3886 | D:5      | Found an iron altar of Okawaru.
  3901 | D:5      | Reached **** piety under Trog
  4018 | D:5      | Found a radiant altar of Vehumet.
  4205 | D:5      | Found a glowing silver altar of Zin.
  4249 | D:5      | Found a glowing golden altar of the Shining One.
  4644 | D:6      | Found an opulent altar of Gozag.
  4651 | D:6      | Reached XP level 8. HP: 48/54 MP: 8/8
  4705 | D:6      | Reached skill level 6 in Unarmed Combat
  4719 | D:6      | Reached skill level 5 in Fighting
  4774 | D:6      | Found a runed translucent door.
  4774 | D:6      | Noticed an angel
  4775 | D:6      | Found a glowing silver altar of Zin.
  5108 | D:6      | Reached skill level 5 in Shields
  5152 | D:6      | Reached skill level 7 in Unarmed Combat
  5225 | D:6      | Reached XP level 9. HP: 44/61 MP: 9/9
  5488 | D:7      | Reached ***** piety under Trog
  5641 | D:7      | Found an ornate altar of the Wu Jian Council.
  5794 | D:7      | Found a shadowy altar of Dithmenos.
  6194 | D:8      | Found a runed translucent gate.
  6194 | D:8      | Found a runed translucent gate.
  6194 | D:8      | Found a runed translucent gate.
  6194 | D:8      | Noticed Irenicus's ghost (novice DDEE)
  6587 | D:8      | Killed Irenicus's ghost
  6587 | D:8      | Reached skill level 8 in Unarmed Combat
  6705 | D:9      | Found a burning altar of Makhleb.
  6784 | D:9      | Found an ancient bone altar of Kikubaaqudgha.
  6904 | D:9      | Found a runed translucent door.
  6905 | D:9      | Noticed HEYYEYAAE's ghost (novice OpHu)
  6923 | D:9      | Killed HEYYEYAAE's ghost
  6923 | D:9      | Reached XP level 10. HP: 8/69 MP: 10/10
  7409 | D:9      | Reached skill level 9 in Unarmed Combat
  7560 | D:9      | Found a staircase to the Lair.
  7833 | Lair:1   | Entered Level 1 of the Lair of Beasts
  8412 | Lair:1   | Noticed Prince Ribbit
  8449 | Lair:1   | Killed Prince Ribbit
  8859 | Lair:1   | Noticed a black mamba
  8864 | Lair:1   | Killed a black mamba
  8885 | Lair:1   | Reached skill level 10 in Unarmed Combat
  8892 | Lair:1   | Noticed a black mamba
  8899 | Lair:1   | Killed a black mamba
  8899 | Lair:1   | Reached XP level 11. HP: 17/75 MP: 11/11
  9190 | Lair:1   | Found the +8 whip "Snakebite" {curare, rPois}
  9475 | Lair:2   | HP: 3/76 [vampire mosquito (10)]
  9475 | Lair:2   | Slain by a vampire mosquito

Skill      XL: |  1  2  3  4  5  6  7  8  9 10 |
---------------+-------------------------------+-----
Dodging        | 4 5 6 7 8 |  8.2
Unarmed Combat | 4 5 7 8 10 | 10.4
Fighting       | 4 5 6 7 |  7.7
Shields        | 2 3 5 7 9 |  9.3

Action                   |  1- 3 |  4- 6 |  7- 9 | 10-12 || total
-------------------------+-------+-------+-------+-------++-------
Melee: Unarmed           |    79 |   151 |   312 |   128 ||   670
       Constrict         |    19 |    41 |    60 |    22 ||   142
       Tentacles         |     8 |    39 |    66 |    34 ||   147
       Punch             |     1 |     5 |    11 |    10 ||    27
Invok: Berserk           |     1 |     3 |    12 |     5 ||    21
       Brothers in Arms  |       |       |       |     1 ||     1
  Use: Potion            |       |       |     5 |     2 ||     7
       Scroll            |       |       |     3 |       ||     3
 Stab: Sleeping          |     4 |     7 |     8 |     7 ||    26
  Eat: Chunk             |     1 |    12 |    30 |    15 ||    58
       Ration            |       |       |     1 |       ||     1
Armor: Skin              |     6 |    10 |     6 |     3 ||    25
Dodge: Dodged            |    61 |    59 |   150 |    53 ||   323
Block: Shield            |       |    30 |   128 |    52 ||   210
